Map: 10000 Feet LE

Players

Rinzler

  • Race: Zerg Zerg
  • League: Gold
  • Spawn Location: 5:00

Sindyr - Winner!

  • Race: Zerg Zerg
  • League: Gold
  • Spawn Location: 11:00

VOD

Have the link to the VOD?

Description

Time

  • Played on: Jan. 10, 2026, 2:11 p.m.
  • Length: 4:01
Show
View Real Time Build Order
Export as new Build Order

Rinzler Zerg 

Build Orders: Pool Only 

Get SALT Encoding   

  12  0:19  Spawning Pool  
  11  0:22  Drone  
  11  0:26  Drone  
  13  0:30  Drone  
  14  0:36  Extractor  
  14  0:38  Drone  
  15  0:58  Extractor  
  15  1:00  Overlord  
  14  1:14  Roach Warren  
  14  1:17  Zergling x2  
  14  1:18  Queen  
  14  1:19  Drone  
  14  1:24  Drone  
  18  1:30  Drone  
  20  1:40  Drone  
  20  1:50  Overlord  
  20  2:02  Drone  
  20  2:07  Metabolic Boost  
  21  2:12  Roach  
  23  2:24  Drone  
  23  2:28  Roach x2  
  28  2:32  Overlord  
  28  2:47  Zergling x2  
  28  2:48  Zergling x2  
  29  3:09  Roach x2  
  29  3:10  Roach x2  
  37  3:22  Zergling x2  
  38  3:37  Spine Crawler  
Show
View Real Time Build Order
Export as new Build Order

Sindyr Zerg - Winner!

Build Orders: Hatch First 

Get SALT Encoding   

  12  0:02  Drone  
  13  0:11  Drone  
  14  0:14  Extractor  
  14  0:16  Drone  
  15  0:23  Overlord  
  15  0:41  Drone  
  16  0:51  Drone  
  16  0:53  Hatchery, Drone  
  17  1:01  Drone  
  17  1:03  Extractor  
  17  1:17  Spawning Pool, Drone  
  17  1:24  Drone  
  18  1:29  Drone  
  19  1:43  Overlord  
  19  1:56  Drone  
  20  2:03  Queen  
  20  2:04  Queen  
  20  2:07  Zergling x4  
  26  2:13  Overlord  
  26  2:21  Drone  
  27  2:40  Queen  
  27  2:41  Lair  
  29  2:49  Drone x4  
  29  2:51  Drone  
  34  2:54  Drone  
  35  3:05  Roach Warren  
  33  3:06  Extractor  
  31  3:13  Zergling x6  
  31  3:15  Zergling x2  
  35  3:23  Drone x3  
  38  3:30  Evolution Chamber  
  38  3:32  Drone x2  
  38  3:33  Drone  
  40  3:36  Zergling x2  
Tags
 
League
GoldGold
Matchup
ZvZ
Race
Zerg
Replay Pack
Multiplayer
Spawn Locations
Cross Positions
Add a new tag
Caveats
  • Supply blocks, unpowered buildings, or Contaminate may cause inaccurate times.
  • Supply counts are checked every 10 seconds.